 Dungeon Crawl Stone Soup version 0.21.1-1-g345015f (webtiles) character file.

23048 empire the Carver (level 12, -5/91 HPs)
             Began as a Minotaur Fighter on May 25, 2018.
             Was the Champion of Cheibriados.
             Killed from afar by an ice dragon (42 damage)
             ... with a blast of cold
             ... in an ice cave.
             The game lasted 00:32:14 (12524 turns).

empire the Carver (Minotaur Fighter)               Turns: 12524, Time: 00:32:15

Health: -5/91      AC: 17    Str: 39    XL:     12   Next: 68%
Magic:  15/15      EV: 23    Int: 22    God:    Cheibriados [******]
Gold:   944        SH: 15    Dex: 25    Spells: 11/11 levels left

rFire    + . .     SeeInvis .   a - +3 scimitar (flame)
rCold    . . .     Gourm    .   c - +0 shield
rNeg     . . .     Faith    .   e - +3 ring mail
rPois    .         Spirit   .   (helmet restricted)
rElec    .         Reflect  .   A - +1 cloak
rCorr    .         Harm     .   B - +1 pair of gloves
MR       .....                  u - +0 pair of boots
Stlth    +.........             (no amulet)
HPRegen  0.25/turn              m - +3 ring of evasion
MPRegen  0.14/turn              x - ring of protection from fire

@: very slow
A: retaliatory headbutt, horns 2
a: Bend Time, Temporal Distortion, Slouch, Step From Time, Renounce Religion


You were in an ice cave.
You worshipped Cheibriados.
Cheibriados was exalted by your worship.
You were not hungry.

You visited 3 branches of the dungeon, and saw 15 of its levels.
You also visited: Ice Cave.

You collected 944 gold pieces.

Inventory:

Hand Weapons
 a - a +3 scimitar of flaming (weapon)
 b - a +0 flail of crushing
 t - a +0 glaive
 y - a +1 long sword
 G - a cursed -1 war axe
Missiles
 i - 20 javelins (quivered)
Armour
 c - a +0 shield (worn)
 e - a +3 ring mail (worn)
 r - a +0 plate armour
 u - a +0 pair of boots (worn)
 A - a +1 cloak (worn)
 B - a +1 pair of gloves (worn)
Jewellery
 m - a +3 ring of evasion (left hand)
 n - an uncursed ring of wizardry
 x - a ring of protection from fire (right hand)
 D - an uncursed ring of protection from magic
Wands
 d - a wand of polymorph (17)
 h - a wand of digging (6)
 o - a wand of paralysis (15)
 v - a wand of scattershot (1)
 z - a wand of flame (25)
Scrolls
 j - a scroll of immolation
 k - 4 scrolls of remove curse
 l - 3 scrolls of magic mapping
 q - 2 scrolls of teleportation
 s - 2 scrolls of blinking
 H - 3 scrolls of identify
 K - a scroll of noise
Potions
 g - 2 potions of mutation
 p - 2 potions of flight
 w - 2 potions of brilliance
 C - 2 potions of cancellation
 F - 2 potions of curing
Books
 E - a book of Cantrips

   Spells                             Type                      Level
   a - Confusing Touch                Hexes                        1
   b - Animate Skeleton               Necromancy                   1
   c - Summon Small Mammal            Summoning                    1
   d - Apportation                    Translocation                1
Comestibles
 f - 26 rations


   Skills:
 + Level 4.0 Fighting
 - Level 14.0 Long Blades
 + Level 11.0 Armour
 + Level 9.5 Dodging
 + Level 11.1 Shields
 + Level 6.6 Invocations
 + Level 6.0 Evocations


You had 11 spell levels left.
You didn't know any spells.

Dungeon Overview and Level Annotations

Branches:
Dungeon (11/15)            Temple (1/1) D:4            Lair (3/6) D:8
  Swamp (0/4) Lair:2       Spider (0/4) Lair:3
    Orc: D:9-12

Altars:
Ashenzari
Cheibriados
Dithmenos
Elyvilon
Fedhas
Gozag
Hepliaklqana
Kikubaaqudgha
Makhleb
Nemelex Xobeh
Okawaru
Qazlal
Ru
Sif Muna
Trog
Uskayaw
Vehumet
Wu Jian
Xom
Yredelemnul
Zin
The Shining One

Shops:
D:11 [

Annotations:
Lair:2 exclusion: 3 oklob plants


Innate Abilities, Weirdness & Mutations

You reflexively headbutt those who attack you in melee.
You have a pair of horns on your head.


Message History

You hold your ground!
Okay, then.
Unknown command.
Okay, then.
Unknown command.
Okay, then.
Unknown command.
Your surroundings suddenly seem different.
You start resting.
The ice dragon roars deafeningly!
You hear a deafening roar!
The ice dragon breathes frost at you. The blast of cold misses you.
You block the ice dragon's attack. The ice dragon barely misses you.
The ice dragon tramples you but does no damage.
You block the ice dragon's attack. x3
You hit the ice dragon. You burn the ice dragon.
The ice dragon is lightly wounded.
The ice dragon breathes frost at you. The blast of cold hits you!
You die...

##....###...######
##...######...# ##.#
#..##....#..#..# ...#
##.##.#.#...####..##..#
#..#...###### ### #..
##.##.### # #.#.#..##
### ## ##..##..####
###.#####.
##..##@.#.####..#..#...
###.##D.#.#...#.#...##
#....#....######.##
#..######## ### #.##
≈D≈≈ # ≈≈≈≈≈ ## #≈≈≈≈≈≈
##. #.#≈###### ### ##..


You could see an ice dragon.

Vanquished Creatures
  2 hydras
  3 two-headed ogres
  Pikel (D:5)
  An ugly thing (D:11)
  An oklob plant (Lair:2)
  2 ice statues (IceCv)
  Maurice (D:8)
  A centaur zombie (D:11)
  3 torpor snails (Lair:2)
  Psyche (D:8)
  A gargoyle (D:11)
  4 spiny frogs
  2 komodo dragons (Lair:1)
  2 rime drakes (IceCv)
  3 blink frogs (Lair:2)
  Prince Ribbit (Lair:2)
  Grinder (D:4)
  2 hippogriffs (D:8)
  A redback (Lair:3)
  18 yaks
  A spriggan (D:7)
  3 basilisks (Lair:2)
  A wyvern (D:11)
  Menkaure (D:6)
  6 porcupines
  5 water moccasins
  Duvessa (D:6)
  5 orc warriors
  3 sky beasts
  17 ice beasts
  2 necrophages (D:10)
  3 ogres
  3 wolves (Lair:3)
  5 centaurs
  2 crocodiles (Lair:1)
  2 big kobolds
  8 bullfrogs
  A water moccasin skeleton (D:5)
  Dowan (D:6)
  16 killer bees
  5 howler monkeys
  2 jellies
  2 bullfrog zombies
  5 crimson imps
  5 hounds
  A quasit (D:9)
  Crazy Yiuf (D:6)
  12 orc priests
  3 bullfrog skeletons
  2 centaur skeletons
  An iguana (D:8)
  12 orc wizards
  5 worker ants
  2 killer bee zombies
  A hound skeleton (D:10)
  2 worker ant zombies
  A howler monkey skeleton (D:4)
  9 gnolls
  12 adders
  12 white imps (D:11)
  2 oozes
  An adder skeleton (D:4)
  2 adder zombies (D:6)
  A worm (D:4)
  3 dart slugs
  8 leopard geckos
  53 orcs
  2 ball pythons (D:1)
  6 bats
  4 giant cockroaches
  8 goblins
  4 hobgoblins
  3 jackals (D:1)
  13 kobolds
  3 quokkas
  16 frilled lizards
  A leopard gecko skeleton (D:4)
  7 rats
  3 fungi (D:8)
  6 plants
378 creatures vanquished.

Vanquished Creatures (others)
  Sigmund (D:4)
  2 slaves (D:6)
  A kobold (D:11)
  5 fungi (D:8)
  A plant (D:8)
10 creatures vanquished.

Grand Total: 388 creatures vanquished

Notes
Turn   | Place    | Note
-------+----------+-------------------------------------------
     0 | D:1      | empire the Minotaur Fighter began the quest for the Orb.
     0 | D:1      | Reached XP level 1. HP: 19/19 MP: 0/0
   158 | D:1      | Reached XP level 2. HP: 21/26 MP: 1/1
   160 | D:1      | Reached skill level 3 in Long Blades
   305 | D:1      | Reached XP level 3. HP: 31/31 MP: 2/2
   725 | D:2      | Reached skill level 4 in Long Blades
   766 | D:2      | Reached XP level 4. HP: 34/39 MP: 3/3
   877 | D:2      | Found a glowing silver altar of Zin.
   878 | D:2      | Found an opulent altar of Gozag.
   975 | D:2      | Reached skill level 1 in Dodging
  1310 | D:2      | Found a faded altar of an unknown god.
  1685 | D:2      | Found a blossoming altar of Fedhas.
  1771 | D:3      | Found a glowing golden altar of the Shining One.
  1914 | D:3      | Reached XP level 5. HP: 45/45 MP: 4/4
  1937 | D:3      | Found a shattered altar of Ashenzari.
  2005 | D:3      | Found a shadowy altar of Dithmenos.
  2128 | D:3      | You fall through a shaft!
  2147 | D:5      | Entered Level 5 of the Dungeon
  2438 | D:4      | Reached skill level 5 in Long Blades
  2488 | D:4      | Reached skill level 5 in Shields
  2488 | D:4      | Reached XP level 6. HP: 51/51 MP: 5/5
  2732 | D:3      | Reached skill level 5 in Armour
  3030 | D:4      | Noticed Grinder
  3058 | D:4      | Killed Grinder
  3058 | D:4      | Reached skill level 6 in Long Blades
  3058 | D:4      | Reached XP level 7. HP: 40/57 MP: 6/6
  3304 | D:4      | Found a sacrificial altar of Ru.
  3312 | D:4      | Noticed Sigmund
  3331 | D:4      | Killed Sigmund
  3331 | D:4      | Reached skill level 7 in Long Blades
  3569 | D:4      | Found a staircase to the Ecumenical Temple.
  3762 | Temple   | Entered the Ecumenical Temple
  3898 | Temple   | Became a worshipper of Cheibriados the Contemplative
  4011 | D:5      | Reached XP level 8. HP: 59/64 MP: 7/7
  4179 | D:5      | Found a bloodstained altar of Trog.
  4183 | D:5      | Reached skill level 8 in Long Blades
  4504 | D:5      | Found a deep blue altar of Sif Muna.
  4510 | D:5      | Found a radiant altar of Vehumet.
  4635 | D:6      | Noticed Menkaure
  4644 | D:6      | Killed Menkaure
  4647 | D:6      | Reached * piety under Cheibriados
  4647 | D:6      | Reached skill level 5 in Dodging
  4897 | D:6      | Noticed Pikel
  4922 | D:5      | Killed Pikel
  4922 | D:5      | Reached skill level 9 in Long Blades
  4922 | D:5      | Reached XP level 9. HP: 48/70 MP: 8/8
  4992 | D:6      | Found an ornate altar of the Wu Jian Council.
  5008 | D:6      | Noticed Duvessa
  5009 | D:6      | Noticed Dowan
  5016 | D:6      | Killed Dowan
  5025 | D:6      | Killed Duvessa
  5166 | D:6      | Reached skill level 10 in Long Blades
  5281 | D:6      | Found a runed door.
  5439 | D:6      | Noticed Crazy Yiuf
  5442 | D:6      | Killed Crazy Yiuf
  5774 | D:7      | Reached ** piety under Cheibriados
  5880 | D:7      | Found a basalt altar of Yredelemnul.
  5992 | D:7      | Reached skill level 1 in Invocations
  5992 | D:7      | Reached skill level 1 in Evocations
  6227 | D:7      | Reached XP level 10. HP: 31/77 MP: 10/10
  6439 | D:8      | Noticed a two-headed ogre
  6445 | D:8      | Killed a two-headed ogre
  6445 | D:8      | Reached skill level 11 in Long Blades
  6581 | D:8      | Found a burning altar of Makhleb.
  6648 | D:8      | Reached *** piety under Cheibriados
  6696 | D:8      | Noticed Maurice
  6705 | D:8      | Killed Maurice
  6747 | D:8      | Found a staircase to the Lair.
  6921 | Lair:1   | Entered Level 1 of the Lair of Beasts
  6921 | Lair:1   | Noticed a spiny frog
  6931 | Lair:1   | Killed a spiny frog
  6956 | Lair:1   | Noticed a spiny frog
  6961 | Lair:1   | Killed a spiny frog
  7340 | Lair:1   | Reached skill level 12 in Long Blades
  7347 | Lair:1   | Reached **** piety under Cheibriados
  7482 | Lair:1   | Reached XP level 11. HP: 41/82 MP: 12/12
  7777 | Lair:2   | Noticed an oklob plant
  7777 | Lair:2   | Noticed an oklob plant
  7777 | Lair:2   | Noticed an oklob plant
  7777 | Lair:2   | Noticed an oklob plant
  7793 | Lair:2   | Killed an oklob plant
  7801 | Lair:2   | Noticed Prince Ribbit
  7811 | Lair:2   | Killed Prince Ribbit
  8102 | Lair:2   | Found a snail-covered altar of Cheibriados.
  8337 | Lair:2   | Found a staircase to the Swamp.
  8442 | Lair:2   | Noticed a six-headed hydra
  8455 | Lair:2   | Killed a six-headed hydra
  8455 | Lair:2   | Reached skill level 10 in Armour
  8455 | Lair:2   | Reached skill level 10 in Shields
  8906 | Lair:2   | Reached skill level 13 in Long Blades
  9057 | Lair:2   | Reached skill level 5 in Invocations
  9771 | Lair:3   | Noticed a six-headed hydra
  9776 | Lair:3   | Killed a three-headed hydra
  9867 | Lair:3   | Reached ***** piety under Cheibriados
  9870 | Lair:3   | Found a hole to the Spider Nest.
 10202 | D:8      | Noticed Psyche
 10206 | D:8      | Killed Psyche
 10441 | D:9      | Noticed a two-headed ogre
 10448 | D:9      | Killed a two-headed ogre
 10448 | D:9      | Reached skill level 5 in Evocations
 10519 | D:9      | Reached XP level 12. HP: 90/90 MP: 15/15
 10521 | D:9      | Noticed a two-headed ogre
 10529 | D:9      | Killed a two-headed ogre
 10875 | D:9      | Found a hazy altar of Hepliaklqana.
 10929 | D:9      | Found a glowing golden altar of the Shining One.
 11205 | D:10     | Entered Level 10 of the Dungeon
 11668 | D:11     | Reached ****** piety under Cheibriados
 11729 | D:11     | Reached skill level 14 in Long Blades
 11780 | D:11     | Found Equs's Armour Boutique.
 11805 | D:11     | Found a frozen archway.
 11837 | IceCv    | Entered an ice cave
 12406 | IceCv    | Noticed an ice dragon
 12406 | IceCv    | Noticed an ice dragon
 12524 | IceCv    | Killed from afar by an ice dragon

Skill      XL: |  1  2  3  4  5  6  7  8  9 10 11 12 |
---------------+-------------------------------------+-----
Long Blades    | 3 4 5 6 7 9 10 12 13 14 | 14.0
Armour         | 4 5 6 7 8 9 10 11 | 11.0
Shields        | 4 5 6 7 8 9 10 11 | 11.1
Dodging        | 1 2 3 4 5 6 7 8 9 |  9.5
Invocations    | 2 3 5 6 |  6.6
Evocations     | 1 3 5 6 |  6.0
Fighting       | 4 |  4.0

Action                   |  1- 3 |  4- 6 |  7- 9 | 10-12 || total
-------------------------+-------+-------+-------+-------++-------
Melee: Long sword        |    84 |   144 |   248 |     1 ||   477
       Headbutt          |    10 |    25 |    59 |   163 ||   257
       Unarmed           |       |     6 |       |       ||     6
       Scimitar          |       |       |       |   460 ||   460
Evoke: Wand              |       |       |       |     5 ||     5
  Use: Scroll            |       |    14 |     7 |     6 ||    27
       Potion            |       |     1 |     4 |     8 ||    13
 Stab: Invisible         |       |       |     8 |       ||     8
  Eat: Chunk             |       |     7 |     8 |    11 ||    26
Armor: Scale mail        |    33 |    34 |       |       ||    67
       Ring mail         |       |     8 |    85 |    98 ||   191
       Chain mail        |       |     7 |       |       ||     7
Dodge: Dodged            |    31 |    88 |   180 |   305 ||   604
Block: Shield            |    57 |    90 |   150 |   347 ||   644
       Rpst.: Long sword |     8 |    17 |    50 |       ||    75
       Scimitar          |       |       |       |    61 ||    61
